 Dungeon Crawl Stone Soup version 0.29-a0-490-g77b3608bb8 (webtiles) character file.

Game seed: 6543569423508590044

18 croobank the Covert (level 2, 0/29 HPs)
             Began as a Gnoll Delver on May 26, 2022.
             Slain by a hobgoblin
             ... wielding a +0 rapier
              (6 damage)
             ... on level 2 of the Dungeon.
             The game lasted 00:02:48 (294 turns).

croobank the Covert (Gnoll Delver)                   Turns: 294, Time: 00:02:48

Health: 0/29       AC:  3    Str: 11    XL:     2   Next: 70%
Magic:  2/2        EV: 13    Int:  9    God:
Gold:   37         SH:  0    Dex: 13    Spells: 2/2 levels left

rFire   . . .      SeeInvis .   a - +0 hand axe
rCold   . . .      Faith    .   (no shield)
rNeg    . . .      Spirit   .   b - +0 leather armour
rPois   .          Reflect  .   (no helmet)
rElec   .          Harm     .   (no cloak)
rCorr   .          Rampage  .   (no gloves)
Will    .....                   (no boots)
Stlth   ++++......              (no amulet)
HPRegen 0.09/turn               (no ring)
MPRegen 0.08/turn               (no ring)

@: no status effects
A: fangs 1, strong nose, distributed training
a: no special abilities


You were on level 2 of the Dungeon.
You visited 1 branch of the dungeon, and saw 4 of its levels.

You collected 37 gold pieces.

Inventory:

Hand Weapons
 a - a +0 hand axe (weapon)
 f - a +0 whip
Missiles
 i - 4 atropa-tipped darts (quivered)
Armour
 b - a +0 leather armour (worn)
Magical Staves
 h - a staff of death
Wands
 g - a wand of digging (3)
Scrolls
 c - a scroll of fog
 d - a scroll of identify {unknown}
 e - a scroll of amnesia {unknown}


   Skills:
 + Level 6.5 Fighting
 + Level 0.5 Short Blades
 + Level 0.5 Long Blades
 + Level 4.5 Axes
 + Level 0.5 Maces & Flails
 + Level 0.5 Polearms
 + Level 0.5 Staves
 + Level 0.5 Slings
 + Level 0.5 Bows
 + Level 0.5 Crossbows
 + Level 0.5 Throwing
 + Level 0.5 Armour
 + Level 4.5 Dodging
 + Level 9.5 Stealth
 + Level 0.5 Shields
 + Level 0.5 Unarmed Combat
 + Level 0.5 Spellcasting
 + Level 0.3 Conjurations
 + Level 0.3 Hexes
 + Level 0.3 Summonings
 + Level 0.3 Necromancy
 + Level 0.3 Translocations
 + Level 0.3 Transmutations
 + Level 0.3 Fire Magic
 + Level 0.3 Ice Magic
 + Level 0.3 Air Magic
 + Level 0.3 Earth Magic
 + Level 0.3 Poison Magic
 + Level 0.6 Invocations
 + Level 0.5 Evocations


You had 2 spell levels left.
You didn't know any spells.
Your spell library was empty.

Dungeon Overview and Level Annotations

Branches:
Dungeon (5/15)
 Temple: D:4-7

Altars:


Innate Abilities, Weirdness & Mutations

You have very sharp teeth.
Your uncanny sense of smell can sniff out nearby items.
Your experience applies equally to all skills.


Message History

You are poisoned.
The adder poisons you!
You feel better. The adder closely misses you.
Okay, then.
As you read the scroll of fear, it crumbles to dust.
You assume a fearsome visage.
The adder looks frightened!
The ball python looks frightened!
The worm looks frightened!
You see here 13 gold pieces.
An endoplasm comes into view.
The endoplasm moves out of view.
Found a scroll labelled SAK GEAFIUXT.
A rat comes into view.
You see here a scroll labelled SAK GEAFIUXT.
e - a scroll labelled SAK GEAFIUXT The helpless rat fails to defend itself.
You hit the rat.
You kill the rat!
A hobgoblin comes into view. It is wielding a +0 rapier.
The endoplasm freezes you.
You are frozen.
You slash the endoplasm!
You kill the endoplasm!
Found a whip.
Things that are here:
a +0 whip; 4 atropa-tipped darts
f - a +0 whip;
i - 4 atropa-tipped darts The hobgoblin shouts!
Found a scroll labelled ITASEPE DOXZY and a scroll labelled JEVAAB ZYULO.
You closely miss the hobgoblin.
A giant cockroach comes into view.
The hobgoblin misses you.
You closely miss the hobgoblin.
The hobgoblin hits you with a +0 rapier.
The hobgoblin hits you but does no damage.
You hit the hobgoblin but do no damage.
The hobgoblin hits you with a +0 rapier!
* * * LOW HITPOINT WARNING * * *
You hit the hobgoblin but do no damage.
The hobgoblin hits you with a +0 rapier.
You die...

. .....# #### ##..
...... #$..
#...####......##.##
....#.#.#.. ..#.#
..##...##.# #.#.#
#.#..#..#.###.#.#
#.##...##.......#
#.#.#.#....###....
#@..####...# #.##.
......g##......###
#.. . .......
######## ##.#
....B.. .. .......
#S# ...?... ..
##?#.## #.#.


You could see a giant cockroach and a hobgoblin.

Vanquished Creatures
  An adder (D:2)
  A ball python (D:2)
  An endoplasm (D:2)
  A giant cockroach (D:2)
  A hobgoblin (D:2)
  A quokka (D:2)
  2 bats (D:2)
  A rat (D:2)
9 creatures vanquished.

Notes
Turn   | Place    | Note
-------+----------+-------------------------------------------
     0 | D:5      | Reached skill level 9 in Stealth
     0 | D:5      | croobank the Gnoll Delver began the quest for the Orb.
     0 | D:5      | Reached XP level 1. HP: 23/23 MP: 1/1
    12 | D:5      | Noticed an ogre
    30 | D:4      | Noticed a scorpion
    38 | D:3      | Noticed an orc priest
    38 | D:3      | Noticed an orc wizard
   128 | D:2      | Reached XP level 2. HP: 8/29 MP: 2/2
   294 | D:2      | Slain by a hobgoblin

Illustrated notes

Levels and vault maps discovered:
D:2:      layout_basic, serial_shops, nicolae_shop_advertising_works
          [nicolae_subvault_shop_adworks], basic_altar, st_stairs_7,
          nrook_mini_backslash, minmay_hexomino_f4
D:3:      layout_loops_ring, lemuel_crystal_altar, dk_vineyard_3,
          minmay_ogre_servants, uniq_robin
D:4:      layout_loops_ring, st_stairs_4
D:5:      layout_cave_pools, nicolae_gozag_seed_capital,
          minmay_temple_entry_statues_fountains, grunt_ministairs_12,
          uniq_grinder, uniq_duvessa, uniq_eustachio, uniq_edmund

Skill      XL: | |
---------------+-+-----
Stealth        | |  9.5
Fighting       | |  6.5
Short Blades   | |  0.5
Long Blades    | |  0.5
Axes           | |  4.5
Maces & Flails | |  0.5
Polearms       | |  0.5
Staves         | |  0.5
Slings         | |  0.5
Bows           | |  0.5
Crossbows      | |  0.5
Throwing       | |  0.5
Armour         | |  0.5
Dodging        | |  4.5
Shields        | |  0.5
Unarmed Combat | |  0.5
Spellcasting   | |  0.5
Conjurations   | |  0.3
Hexes          | |  0.3
Summonings     | |  0.3
Necromancy     | |  0.3
Translocations | |  0.3
Transmutations | |  0.3
Fire Magic     | |  0.3
Ice Magic      | |  0.3
Air Magic      | |  0.3
Earth Magic    | |  0.3
Poison Magic   | |  0.3
Invocations    | |  0.6
Evocations     | |  0.5

Action                   || total
-------------------------++-------
Melee: Hand axe          ||    38
       Bite              ||     2
  Use: Potion            ||     3
       Scroll            ||     2
 Stab: Sleeping          ||     2
Armor: Leather armour    ||    11
Dodge: Dodged            ||    35

Table legend: (Time is in decaauts)
 A = Elapsed time spent in this place.
 B = Non-inter-level travel time spent in this place.
 C = Inter-level travel time spent in this place.
 D = Time resting spent in this place.
 E = Time spent auto-exploring this place.
 F = Levels seen in this place.
 G = Mean time per level.
                   A        B        C        D        E       F      G
               +--------+--------+--------+--------+--------+-----+--------+
         Total |    276 |    276 |      0 |     58 |      8 |   4 |   69.0 |
       Dungeon |    276 |    276 |      0 |     58 |      8 |   4 |   69.0 |
               +--------+--------+--------+--------+--------+-----+--------+

Top non-repeatable levels by time:
     D:2: 218 daAuts
     D:5: 28 daAuts
     D:3: 19 daAuts
     D:4: 9 daAuts
